 Dungeon Crawl Stone Soup version 0.26-a0-466-g989023bd0d (webtiles) character file.

Game seed: 13540938489490987687

3908 HoaS the Brawler (level 10, -4/73 HPs)
             Began as a Ghoul Gladiator on Aug 12, 2020.
             Killed from afar by an electric eel (16 damage)
             ... with a bolt of electricity
             ... on level 8 of the Dungeon.
             The game lasted 00:17:50 (5622 turns).

HoaS the Brawler (Ghoul Gladiator)                  Turns: 5622, Time: 00:17:51

Health: -4/73      AC: 12    Str: 20    XL:     10   Next: 20%
Magic:  9/9        EV: 12    Int:  3    God:
Gold:   213        SH:  0    Dex: 12    Spells: 9/9 levels left

rFire    + . .     SeeInvis .     - Unarmed
rCold    + + .     Faith    .   (no shield)
rNeg     + + +     Spirit   .   t - +2 leather armour {rF+}
rPois    ∞         Reflect  .   b - +1 helmet
rElec    .         Harm     .   s - +2 cloak {MR+}
rCorr    .                      (no gloves)
MR       ++...                  g - +1 pair of boots
Stlth    +.........             n - amulet of regeneration
HPRegen  0.00/turn              d - ring of protection from cold
MPRegen  0.11/turn              m - ring of protection from magic

@: no status effects
A: rotting body, claws 1, cold resistance 1, negative energy resistance 3,
inhibited regeneration, torment resistance, unbreathing
a: no special abilities


You were on level 8 of the Dungeon.
You visited 2 branches of the dungeon, and saw 9 of its levels.

You collected 471 gold pieces.
You spent 258 gold pieces at shops.

Inventory:

Missiles
 c - 2 throwing nets (quivered)
Armour
 b - a +1 helmet (worn)
 g - a +1 pair of boots (worn)
 s - a +2 cloak of magic resistance (worn)
 t - a +2 leather armour of fire resistance (worn)
Jewellery
 d - a ring of protection from cold (left claw)
 m - a ring of protection from magic (right claw)
 n - an amulet of regeneration (around neck)
 q - an uncursed ring of see invisible
Wands
 l - a wand of paralysis (4)
 o - a wand of enslavement (3)
Scrolls
 a - 3 scrolls of remove curse
 f - a scroll of enchant armour
 h - 3 scrolls of teleportation
 i - 3 scrolls of magic mapping
 j - 3 scrolls of identify
Potions
 e - 4 potions of heal wounds
 k - a potion of resistance
 p - 3 potions of curing
 r - a potion of lignification {unknown}


   Skills:
 - Level 2.1 Fighting
 - Level 1.7 Throwing
 - Level 2.6 Dodging
 + Level 15.1 Unarmed Combat


You had 9 spell levels left.
You didn't know any spells.
Your spell library was empty.

Dungeon Overview and Level Annotations

Branches:
Dungeon (8/15)             Temple (1/1) D:7
   Lair: D:8-11

Altars:
Ashenzari
Cheibriados
Dithmenos
Elyvilon
Fedhas
Gozag
Hepliaklqana
Kikubaaqudgha
Nemelex Xobeh
Okawaru
Qazlal
Ru
Sif Muna
Trog
Uskayaw
Vehumet
Wu Jian
Xom
Yredelemnul
Zin
The Shining One

Shops:
D:4 *


Innate Abilities, Weirdness & Mutations

Your body is rotting away.
You thrive by killing the living.
You are immune to poison.
You have sharp fingernails.
Your flesh is cold resistant. (rC+)
You are immune to negative energy. (rN+++)
You do not regenerate when monsters are visible.
You are immune to unholy pain and torment.
You can survive without breathing.


Message History

You swing at nothing.
Things that are here:
a wolf corpse; a wolf corpse An electric eel is nearby!
The electric eel shoots out a bolt of lightning at you!
The bolt of electricity hits you!
The electric eel shoots out a bolt of lightning at you!
The bolt of electricity hits you!
The electric eel shoots out a bolt of lightning at you!
The bolt of electricity hits you.
The electric eel shoots out a bolt of lightning at you!
The bolt of electricity hits you!
* * * LOW HITPOINT WARNING * * *
The electric eel shoots out a bolt of lightning at you!
The bolt of electricity misses you.
You scratch the electric eel.
The electric eel is moderately wounded.
The electric eel shoots out a bolt of lightning at you!
The bolt of electricity hits you!
You die...

#.....# #.#####.#.#
#.#'### #.#.......(
######.#.#####†...≈≈...≈
....<#.#......#.....≈..≈
######.#......#.....≈≈≈≈
#.#......#....≈≈≈;≈
#.#......#.....≈≈≈.
######.#......+..≈≈≈.≈≈≈
.......##.....#.@..≈≈≈≈.
###############..;.≈≈≈≈≈
#....≈≈≈≈. ##...≈≈≈≈≈
#..≈≈≈≈.≈ #..≈≈..≈≈
#......≈≈ #......≈≈


You could see 2 electric eels.

Vanquished Creatures
  Pikel (D:4)
  2 hippogriffs
  Sigmund (D:2)
  Edmund (D:6)
  2 sky beasts
  A black bear (D:7)
  2 ice beasts (D:6)
  An ogre (D:7)
  2 centaurs (D:6)
  2 phantoms
  3 wolves (D:8)
  Blork the orc (D:3)
  4 bullfrogs
  A scorpion (D:6)
  5 wights (D:6)
  3 howler monkeys
  A bullfrog zombie (D:5)
  A quasit (D:6)
  6 hounds
  A jelly (D:5)
  An orc priest (D:6)
  An orc wizard (D:6)
  A centaur skeleton (D:7)
  Jessica (D:2)
  Ijyb (D:4)
  An iguana (D:4)
  5 worker ants
  A hound zombie (D:7)
  2 worker ant zombies
  13 adders
  10 gnolls
  A howler monkey skeleton (D:4)
  A white imp (D:5)
  3 ufetubi
  An ooze (D:4)
  An adder skeleton (D:5)
  6 worms
  4 dart slugs
  3 leopard geckos
  14 orcs
  A ball python (D:4)
  11 bats
  3 giant cockroaches (D:1)
  10 goblins
  14 hobgoblins
  24 jackals
  4 kobolds (D:1)
  4 quokkas
  3 frilled lizards
  A leopard gecko skeleton (D:6)
  A quokka skeleton (D:4)
  5 rats
193 creatures vanquished.

Vanquished Creatures (others)
  A worker ant (D:4)
  An adder (D:4)
  A giant cockroach (D:4)
3 creatures vanquished.

Grand Total: 196 creatures vanquished

Notes
Turn   | Place    | Note
-------+----------+-------------------------------------------
     0 | D:1      | HoaS the Ghoul Gladiator began the quest for the Orb.
     0 | D:1      | Reached XP level 1. HP: 17/17 MP: 0/0
   238 | D:1      | Reached XP level 2. HP: 24/24 MP: 1/1
   268 | D:1      | Reached skill level 4 in Unarmed Combat
   424 | D:1      | Reached XP level 3. HP: 29/29 MP: 2/2
   818 | D:1      | Reached skill level 5 in Unarmed Combat
  1298 | D:2      | Reached XP level 4. HP: 29/36 MP: 3/3
  1515 | D:2      | Found a shattered altar of Ashenzari.
  1540 | D:2      | Found an ancient bone altar of Kikubaaqudgha.
  1672 | D:2      | Found a bloodstained altar of Trog.
  1753 | D:2      | Noticed Jessica
  1759 | D:2      | Killed Jessica
  1759 | D:2      | Reached skill level 6 in Unarmed Combat
  1759 | D:2      | Reached XP level 5. HP: 41/41 MP: 4/4
  1762 | D:2      | Noticed Sigmund
  1772 | D:2      | Killed Sigmund
  1772 | D:2      | Reached skill level 7 in Unarmed Combat
  1772 | D:2      | Reached XP level 6. HP: 48/48 MP: 5/5
  2273 | D:3      | Found a basalt altar of Yredelemnul.
  2275 | D:3      | Found a hide-covered altar of Uskayaw.
  2573 | D:3      | Reached skill level 8 in Unarmed Combat
  2602 | D:4      | Noticed Blork the orc
  2621 | D:3      | Killed Blork the orc
  2629 | D:3      | Reached XP level 7. HP: 21/55 MP: 6/6
  2920 | D:4      | Reached skill level 9 in Unarmed Combat
  3027 | D:4      | Found a shimmering altar of Xom.
  3186 | D:4      | Found Dixtaogo's General Store.
  3253 | D:5      | Entered Level 5 of the Dungeon
  3253 | D:5      | Noticed Pikel
  3253 | D:5      | Noticed Ijyb
  3262 | D:4      | Killed Ijyb
  3325 | D:4      | Killed Pikel
  3325 | D:4      | Reached skill level 11 in Unarmed Combat
  3325 | D:4      | Reached XP level 8. HP: 18/61 MP: 7/7
  3840 | D:4      | Bought a +2 cloak of magic resistance for 258 gold pieces
  4089 | D:6      | Noticed Edmund
  4104 | D:6      | Killed Edmund
  4104 | D:6      | Reached skill level 12 in Unarmed Combat
  4128 | D:6      | Reached XP level 9. HP: 67/67 MP: 8/8
  4189 | D:6      | Found an opulent altar of Gozag.
  4275 | D:6      | Reached skill level 13 in Unarmed Combat
  4458 | D:6      | Found a glowing silver altar of Zin.
  4816 | D:7      | Reached skill level 14 in Unarmed Combat
  4941 | D:7      | Found a staircase to the Ecumenical Temple.
  4949 | Temple   | Entered the Ecumenical Temple
  5216 | D:7      | Reached XP level 10. HP: 73/73 MP: 9/9
  5403 | D:7      | Found a shimmering blue altar of Sif Muna.
  5518 | D:8      | Reached skill level 15 in Unarmed Combat
  5622 | D:8      | Killed from afar by an electric eel

Illustrated notes

Levels and vault maps discovered:
D:1:      minmay_arrival_split_and_join, layout_basic,
          chequers_serial_rivers_micro_d
D:2:      layout_loops_corners, kiku_gazebo_garden_becter,
          overflow_temple_1_default, bloody_trog, minmay_misc_feat_columns,
          uniq_sigmund, uniq_jessica
D:3:      layout_loops_cross, nicolae_overflow_hidden_temple
D:4:      layout_rooms, serial_shops, kennysheep_little_box,
          xom_confusion_cloud, uniq_blork_the_orc
D:5:      layout_cave_pools, kennysheep_generic_room_15, uniq_pikel, uniq_ijyb
D:6:      layout_basic, zin_statuary, grunt_gozag_statues, serial_corexii_hall,
          corexii_hall_statues_s, corexii_hall_statues_s,
          corexii_hall_statues_l, corexii_hall_statues_x, uniq_edmund
D:7:      layout_rooms, led_sif_pool, minmay_temple_entry_tees,
          lightli_orcish_oven
D:8:      layout_basic, erik_lair_island, gammafunk_ghost_spectres,
          minmay_crystal_water, yredelemnul_altar_generic
Temple:   cyrus_circular_temple

Skill      XL: |  1  2  3  4  5  6  7  8  9 10 |
---------------+-------------------------------+-----
Unarmed Combat | 4 5 6 7 8 11 12 14 15 | 15.1
Fighting       | |  2.1
Throwing       | |  1.7
Dodging        | |  2.6

Action                   |  1- 3 |  4- 6 |  7- 9 | 10-12 || total
-------------------------+-------+-------+-------+-------++-------
Melee: Unarmed           |   107 |   149 |   321 |    62 ||   639
       Punch             |     2 |     2 |    22 |     3 ||    29
Throw: Throwing net      |       |     3 |       |       ||     3
  Use: Scroll            |     3 |     4 |    11 |       ||    18
Armor: Leather armour    |    25 |       |    62 |    12 ||    99
       Ring mail         |     4 |    57 |    59 |       ||   120
Dodge: Dodged            |    67 |    81 |   195 |    30 ||   373

Table legend: (Time is in decaauts)
 A = Elapsed time spent in this place.
 B = Non-inter-level travel time spent in this place.
 C = Inter-level travel time spent in this place.
 D = Time resting spent in this place.
 E = Time spent auto-exploring this place.
 F = Levels seen in this place.
 G = Mean time per level.
                   A        B        C        D        E       F      G
               +--------+--------+--------+--------+--------+-----+--------+
         Total |   5505 |   5222 |    283 |    694 |   3253 |   9 |  611.7 |
       Dungeon |   5450 |   5167 |    283 |    694 |   3210 |   8 |  681.2 |
        Temple |     55 |     55 |      0 |      0 |     43 |   1 |   55.0 |
               +--------+--------+--------+--------+--------+-----+--------+

Top non-repeatable levels by time:
     D:1: 1011 daAuts
     D:2: 975 daAuts
     D:3: 799 daAuts
     D:4: 765 daAuts
     D:6: 697 daAuts
     D:7: 573 daAuts
     D:5: 480 daAuts
     D:8: 148 daAuts
  Temple: 55 daAuts
